 Dungeon Crawl Stone Soup version 0.28-b1-25-g9875b3fc8c (webtiles) character file.

Game seed: 14488537272283953711

4 lordive the Caller (level 1, 1/10 HPs)
             Began as a Tengu Summoner on Jan 31, 2022.
             Quit the game on level 2 of the Dungeon.
             The game lasted 00:01:04 (401 turns).

lordive the Caller (Tengu Summoner)                  Turns: 401, Time: 00:01:04

Health: 1/10       AC:  2    Str:  8    XL:     1   Next: 70%
Magic:  2/4        EV: 12    Int: 15    God:
Gold:   11         SH:  0    Dex: 14    Spells: 3/4 levels left

rFire   . . .      SeeInvis .   (no weapon)
rCold   . . .      Faith    .   (no shield)
rNeg    . . .      Spirit   .   a - +0 robe
rPois   .          Reflect  .   (helmet restricted)
rElec   .          Harm     .   (no cloak)
rCorr   .          Rampage  .   (no gloves)
Will    .....                   (boots unavailable)
Stlth   ++........              (no amulet)
HPRegen 0.03/turn               (no ring)
MPRegen 0.09/turn               (no ring)

@: no status effects
A: beak, talons 3
a: no special abilities


You were on level 2 of the Dungeon.
You visited 1 branch of the dungeon, and saw 2 of its levels.

You collected 11 gold pieces.

Inventory:

Armour
 a - a +0 robe (worn)
Scrolls
 b - a scroll of magic mapping {unknown}
Potions
 c - a potion of lignification {unknown}


   Skills:
 + Level 2.2 Dodging
 - Level 2.0 Stealth
 + Level 2.0 Spellcasting
 + Level 5.1 Summonings


You had 3 spell levels left.
You knew the following spells:

 Your Spells              Type           Power      Damage    Failure   Level
a - Summon Small Mammal   Summ           64%        N/A       2%          1

Your spell library contained the following spells:

 Spells                   Type           Power      Damage    Failure   Level
 Call Imp                 Summ           16%        N/A       4%          2
 Call Canine Familiar     Summ           16%        N/A       9%          3
 Summon Guardian Golem    Hex/Summ       9%         N/A       24%         3
 Summon Lightning Spire   Summ/Air       9%         N/A       61%         4


Dungeon Overview and Level Annotations

Branches:
Dungeon (1/15)

Altars:


Innate Abilities, Weirdness & Mutations

You have a beak for a mouth.
You have claws for feet.


Message History

Your bat completely misses the frilled lizard.
Your bat barely misses the frilled lizard.
Your bat misses the frilled lizard. Your bat hits the frilled lizard.
Your rat barely misses the frilled lizard.
Your rat misses the frilled lizard. Your bat hits the frilled lizard.
The frilled lizard dies!
You swap places.
You see here a frilled lizard corpse.
You swap places.
You see here a frilled lizard corpse.
A sourceless malevolence fills the Dungeon...
You fall into a shaft and drop 1 floor!
The shaft crumbles and collapses.
An endoplasm and 2 adders come into view.
Casting: Summon Small Mammal (safe; 2% risk of failure)
Confirm with . or Enter, or press ? or * to list all spells.
The adder hisses angrily.
The endoplasm freezes you.
You are frozen.
Casting: Summon Small Mammal (safe; 2% risk of failure)
Confirm with . or Enter, or press ? or * to list all spells.
Your bat hits the endoplasm but does no damage.
The endoplasm hits you. The adder closely misses your bat.
The endoplasm freezes you.
You are frozen.
Your bat barely misses the endoplasm.
Your quokka barely misses the adder.
Your bat hits the endoplasm but does no damage.
Your bat barely misses the endoplasm.
Your quokka barely misses the adder.
The adder barely misses your bat.
Your bat hits the endoplasm.
Found a scroll labelled QEGIAT VUXOTEI.
Your bat hits the endoplasm but does no damage.
A quokka comes into view.
Your bat hits the adder but does no damage.
Your bat barely misses the adder.
Your quokka bites the endoplasm.
The adder bites you.
* * * LOW HITPOINT WARNING * * *
Are you sure you want to abandon this character and quit the game? (Confirm with "yes".)

#......#
+.r.... .
###..... ..
#......#
#.#......#
#........#
#......#
#...@..##
#####SJ.#
#.S.# #.r.#
#b..#
.######...#
....S.....#
.######...#
#.....#


You could see 2 adders, an endoplasm (ally target), a quokka, a friendly quokka
(summoned) and a friendly bat (summoned).

Vanquished Creatures (collateral kills)
  A ball python (D:1)
  2 bats (D:1)
  A frilled lizard (D:1)
  A kobold (D:1)
  A rat (D:1)
6 creatures vanquished.

Notes
Turn   | Place    | Note
-------+----------+-------------------------------------------
     0 | D:1      | lordive the Tengu Summoner began the quest for the Orb.
     0 | D:1      | Reached XP level 1. HP: 10/10 MP: 4/4
    60 | D:1      | Reached skill level 5 in Summonings
   391 | D:1      | You fall into a shaft and drop 1 floor!
   401 | D:2      | Quit the game

Illustrated notes

Levels and vault maps discovered:
D:1:      dpeg_arrival_arbitrary_c, layout_basic,
          ebering_ecumenical_altar_abandoned
D:2:      layout_basic, basic_altar, kennysheep_doodads, minmay_hexomino_c4

Skill      XL: |  1 |
---------------+----+-----
Summonings     | 5 |  5.1
Dodging        | |  2.2
Stealth        | |  2.0
Spellcasting   | |  2.0

Action                   || total
-------------------------++-------
 Cast: Summon Small Mamm ||    23
Armor: Robe              ||     4
Dodge: Dodged            ||    15
